 Dungeon Crawl Stone Soup version 0.27.1-34-g3ba077fa99 (webtiles) character file.

Game seed: 4505609419880739496

51 mcbry74 the Cudgeller (level 3, -3/31 HPs)
             Began as a Minotaur Berserker on Jan 26, 2022.
             Was a Believer of Trog.
             Slain by Crazy Yiuf (10 damage)
             ... on level 2 of the Dungeon.
             The game lasted 00:03:41 (1967 turns).

mcbry74 the Cudgeller (Minotaur Berserker)          Turns: 1967, Time: 00:03:41

Health: -3/31      AC:  3    Str: 22    XL:     3   Next: 57%
Magic:  2/2        EV: 12    Int: 10    God:    Trog [**....]
Gold:   128        SH:  0    Dex:  9    Spells: 2/2 levels left

rFire    . . .     SeeInvis .   a - +0 mace
rCold    . . .     Faith    .   (no shield)
rNeg     . . .     Spirit   .   b - +0 animal skin
rPois    .         Reflect  .   (helmet restricted)
rElec    .         Harm     .   k - +0 cloak
rCorr    .         Rampage  .   (no gloves)
Will     .....                  (no boots)
Stlth    +.........             (no amulet)
HPRegen  0.10/turn              i - +6 ring of intelligence
MPRegen  0.08/turn              (no ring)

@: no status effects
A: horns 2, retaliatory headbutt
a: Renounce Religion, Berserk, Trog's Hand


You were on level 2 of the Dungeon.
You worshipped Trog.
Trog was pleased with you.
You visited 1 branch of the dungeon, and saw 2 of its levels.

You collected 128 gold pieces.

Inventory:

Hand Weapons
 a - a +0 mace (weapon)
 l - a +5 dagger
Missiles
 f - 5 javelins (quivered)
 g - 7 poisoned darts
 h - 28 sling bullets
 p - 20 bolts
Armour
 b - a +0 animal skin (worn)
 k - a +0 cloak (worn)
 o - a scarf of shadows
Jewellery
 i - a +6 ring of intelligence (left hand)
Scrolls
 d - a scroll of fear {unknown}
 e - a scroll of identify {unknown}
 j - a scroll of fog {unknown}
 m - a scroll of immolation {unknown}
Potions
 c - a potion of heal wounds {unknown}
 n - a potion of brilliance {unknown}


   Skills:
 - Level 3.6 Fighting
 + Level 5.6 Maces & Flails
 - Level 2.4 Armour
 - Level 2.1 Dodging


You had 2 spell levels left.
You didn't know any spells.
Your spell library was empty.

Dungeon Overview and Level Annotations

Branches:
Dungeon (2/15)

Altars:

Annotations:
D:2 Crazy Yiuf


Innate Abilities, Weirdness & Mutations

You have a pair of horns on your head.
You reflexively headbutt those who attack you in melee.


Message History

You barely miss the adder zombie.
The adder zombie bites you but does no damage.
You sock the adder zombie!
The adder zombie is severely damaged.
The adder zombie barely misses you. The adder zombie bites you.
You barely miss the adder zombie.
The adder zombie is severely damaged.
The adder zombie closely misses you. You furiously retaliate!
You headbutt the adder zombie. You hit the adder zombie.
You destroy the adder zombie!
Trog accepts your kill.
You now have 126 gold pieces (gained 4).
Found 2 gold pieces.
You now have 128 gold pieces (gained 2).
There is a stone staircase leading down here.
You enter the shallow water.
Moving in this stuff is going to be slow.
There is a stone staircase leading down here.
Found an escape hatch in the ceiling.
Found a mace.
Found a runed translucent door.
Crazy Yiuf shouts!
You open the door. You hit Crazy Yiuf.
You headbutt Crazy Yiuf, but do no damage.
Crazy Yiuf is lightly wounded.
Crazy Yiuf hits you with a +4 quarterstaff of chaos!
You hit Crazy Yiuf.
Crazy Yiuf is moderately wounded.
Crazy Yiuf hits you with a +4 quarterstaff of chaos!
You are electrocuted!
* * * LOW HITPOINT WARNING * * *
Crazy Yiuf says, "Sif Muna!
Goober wrapper leg."
Crazy Yiuf glowers.
Crazy Yiuf screams, "Line tortoise forty-two!"
Crazy Yiuf whimpers, "Aardvark toodlewoodle bag!"
Crazy Yiuf yells, "Sif Muna pontify stair!"
Crazy Yiuf laughs, "Gum!
Paint down Orb Guardian."
Crazy Yiuf hits you with a +4 quarterstaff of chaos!
You die...

# ##.#..# # #.. #.# # #.#
#.# # # ##.# #.# ####
#########..###.#### #<..
..................# ####
########..........# ##
#..........##############.
#.......g@................
#.............############
#..........##...########..
##..........####......##..#
#..#####..### ######....##
#.## ##.# ##.....# #.# #<#
##..###.# #.# #.# #..##
#.##
#.#######.########.#####...


You could see Crazy Yiuf.

Vanquished Creatures
  2 adders (D:2)
  An adder zombie (D:2)
  2 endoplasms (D:1)
  2 giant cockroaches (D:1)
  7 goblins
  2 hobgoblins (D:1)
  2 ball pythons (D:1)
  3 bats
  4 frilled lizards
  4 kobolds
  A rat (D:2)
30 creatures vanquished.

Vanquished Creatures (others)
  A withered plant (D:2)
1 creature vanquished.

Grand Total: 31 creatures vanquished

Notes
Turn   | Place    | Note
-------+----------+-------------------------------------------
     0 | D:1      | mcbry74 the Minotaur Berserker began the quest for the Orb.
     0 | D:1      | Reached XP level 1. HP: 19/19 MP: 0/0
   100 | D:1      | Reached skill level 4 in Maces & Flails
   283 | D:1      | Reached XP level 2. HP: 26/26 MP: 1/1
  1161 | D:2      | Reached ** piety under Trog
  1168 | D:2      | Reached skill level 5 in Maces & Flails
  1168 | D:2      | Reached XP level 3. HP: 21/31 MP: 2/2
  1926 | D:2      | Found a runed translucent door.
  1927 | D:2      | Noticed Crazy Yiuf
  1967 | D:2      | Slain by Crazy Yiuf

Illustrated notes

Levels and vault maps discovered:
D:1:      dpeg_arrival_renting, layout_loops_ring, minivault_11,
          minmay_misc_feat_tower
D:2:      layout_rooms, serial_undead, serial_undead_f, serial_undead_a,
          serial_undead_e, serial_undead_b, uniq_crazy_yiuf_cottage

Skill      XL: |  1  2 |
---------------+-------+-----
Maces & Flails | 4 5 |  5.6
Fighting       | |  3.6
Armour         | |  2.4
Dodging        | |  2.1

Action                   || total
-------------------------++-------
Melee: Mace              ||    60
       Headbutt          ||     6
Invok: Berserk           ||     1
Armor: Animal skin       ||    21
Dodge: Dodged            ||    38
